 Dungeon Crawl Stone Soup version 0.31-a0-210-gccc998df9b (webtiles) character file.

Game seed: 5528766638159785606

8904 jlumianski the Fighter (level 11, -5/81 HPs)
             Began as a Djinni Fire Elementalist on June 28, 2023.
             Was a Priest of Makhleb.
             Slain by a slime creature (18 damage)
             ... on level 10 of the Dungeon on June 29, 2023.
             The game lasted 01:16:13 (10958 turns).

jlumianski the Fighter (Djinni Fire Elementalist)  Turns: 10958, Time: 01:16:14

Health: -5/81      AC:  6    Str:  9    XL:     11   Next: 64%
Gold:   287        EV: 19    Int: 20    God:    Makhleb [***...] SH:  0 Dex: 13

rFire   + + .        s - +3 broad axe (flame)
rCold   x . .        (no shield)
rNeg    . . .        a - +0 robe
rPois   ∞            f - +2 helmet
rElec   .            p - +0 cloak
rCorr   .            (no gloves)
SInv    .            (boots unavailable)
Will    +....        (no amulet)
Stlth   +++          n - +5 ring of evasion
HPRegen 0.33/turn    (no ring)
MPRegen 0.00/turn

%: infuse magic (-6 HP)
@: flying
A: sickness immunity, fire resistance 2, cold vulnerability 1, float, innate
caster, HP casting, extra vitality 1
a: Renounce Religion, Minor Destruction, Lesser Servant of Makhleb


You were on level 10 of the Dungeon.
You worshipped Makhleb.
Makhleb was most pleased with you.
You visited 2 branches of the dungeon, and saw 12 of its levels.

You collected 486 gold pieces.
You spent 199 gold pieces at shops.

Inventory:

Hand Weapons
 c - a +3 heavy spear
 d - a +4 vampiric dagger
 g - a +0 dagger
 s - a +3 broad axe of flaming (weapon)
 y - the +1 dagger of Exoneration {drain, Will+ Str+2 Dex+3 SInv}
   (You found it on level 5 of the Dungeon)

   Str:       It affects your strength (+2).
   Dex:       It affects your dexterity (+3).
   SInv:      It lets you see invisible.
   Will:      It increases your willpower.
 I - a +2 dagger of holy wrath
Missiles
 j - 3 atropa-tipped darts
 k - 8 boomerangs
 u - 3 silver javelins
 E - 28 poisoned darts
 N - 2 curare-tipped darts
Armour
 a - a +0 robe (worn)
 f - a +2 helmet (worn)
 p - a +0 cloak (worn)
 H - a +0 leather armour
Magical Staves
 m - a staff of cold
Jewellery
 n - a +5 ring of evasion (left hand)
 M - a ring of positive energy
 R - a +4 ring of slaying
Wands
 z - a wand of acid (13)
 O - a wand of polymorph (3)
Scrolls
 h - 5 scrolls of teleportation
 i - a scroll of revelation
 t - 2 scrolls of fear
 v - a scroll of vulnerability
 B - a scroll of noise
 D - a scroll of fog {unknown}
 F - a scroll of brand weapon {unknown}
 J - a scroll of silence {unknown}
 K - 3 scrolls of amnesia
 L - a scroll of poison {unknown}
 Q - a scroll of enchant weapon
 S - a scroll of enchant armour
Potions
 b - a potion of berserk rage
 e - a potion of attraction
 l - 4 potions of curing
 o - 2 potions of heal wounds
 q - a potion of lignification
 r - 2 potions of invisibility
 w - a potion of mutation
 x - a potion of cancellation
 A - 3 potions of might
 C - 2 potions of degeneration
 G - a potion of enlightenment
 P - a potion of ambrosia


   Skills:
 * Level 8.1 Fighting
 - Level 1.4 Short Blades
 * Level 7.3 Axes
 + Level 6.2 Dodging
 + Level 4.2 Stealth
 * Level 7.8 Spellcasting
 * Level 7.8 Conjurations
 * Level 7.8 Hexes
 * Level 7.8 Summonings
 * Level 7.8 Necromancy
 * Level 7.8 Translocations
 * Level 7.8 Transmutations
 * Level 7.8 Fire Magic
 * Level 7.8 Ice Magic
 * Level 7.8 Air Magic
 * Level 7.8 Earth Magic
 * Level 7.8 Poison Magic
 * Level 4.1 Invocations


You knew the following spells:

 Your Spells              Type           Power      Damage    Failure   Level
a - Foxfire               Conj/Fire      100%       2x1d9     1%          1
b - Scorch                Fire           78%        2d8       1%          2
c - Volatile Blastmotes   Fire/Tloc      78%        2d16      1%          3
d - Inner Flame           Hex/Fire       39%        N/A       1%          3
e - Flame Wave            Conj/Fire      39%        2d11      3%          4
f - Shock                 Conj/Air       100%       1d9       1%          1
g - Passwall              Tmut/Erth      32%        N/A       1%          2
h - Poisonous Vapours     Pois/Air       78%        N/A       1%          2
i - Gell's Gravitas       Tloc           39%        N/A       1%          3
j - Manifold Assault      Tloc           39%        N/A       3%          4
Your spell library was empty.

Dungeon Overview and Level Annotations

Branches:
Dungeon (11/15)            Temple (1/1) D:4            Lair (0/5) D:9
    Orc: D:9-12

Altars:
Dithmenos
Elyvilon
Fedhas
Gozag
Makhleb
Nemelex Xobeh
Okawaru
Qazlal
Ru
Trog
Uskayaw
Wu Jian
Xom
Yredelemnul
The Shining One

Shops:
D:3 *   D:6 [((   D:8 *

Annotations:
D:3 1 runed translucent door, SwinebobAirpants's ghost, amateur DjHW
D:4 1 runed translucent door


Innate Abilities, Weirdness & Mutations

You are immune to sickness and miasma.
You are immune to poison.
Your flesh is very heat resistant. (rF++)
You are vulnerable to cold. (rC-)
You float through the air rather than walking.
You learn spells naturally, not from books.
Your magical power is your life essence.
You have superior vitality. (+4 MHP)


Message History

The centaur completely misses you.
You slash the centaur! You burn the centaur.
You kill the centaur!
Makhleb accepts your kill.
You feel better.
Things that are here:
a +0 orcbow; a howler monkey corpse; a centaur corpse A slime creature comes into view.
The slime creature quivers. 2 slime creatures come into view.
A slime creature comes into view.
The slime creature moves out of view.
An acid dragon comes into view.
Things that are here:
a +0 shortbow; 4 large rocks A slime creature comes into view.
The slime creature quivers. x2
Two slime creatures merge to form a large slime creature.
You see here a +0 ring mail.
There is a stone staircase leading up here.
The slime creature closely misses you.
You fly upwards.
There is a stone staircase leading down here.
You hit the slime creature. You burn the slime creature.
The slime creature is lightly wounded.
The slime creature hits you!
You slash the slime creature! You burn the slime creature.
The slime creature is moderately wounded.
The slime creature closely misses you.
You hit the slime creature. You burn the slime creature.
The slime creature is moderately wounded.
The slime creature completely misses you.
The slime creature hits you!
* * * LOW HITPOINT WARNING * * *
You slash the slime creature! You burn the slime creature.
The slime creature is heavily wounded.
The slime creature misses you.
You hit the slime creature. You burn the slime creature.
The slime creature is severely wounded.
The slime creature hits you!!
You die...

######## ## #......#
#. #.####.# ##. #.#
#.#############.. #.#
#................
#.####................
#...[..........#......
#####@..######.#......
#)J.# #.#......
#...### #.#...>..
###.....####.#......
#..........#.#......
#..........#.####'#.
#..........#.# #.##
#.......#....# #.#
#.......###..####.##


You could see a slime creature.

Vanquished Creatures
  A cyclops (D:11)
  A komodo dragon (D:9)
  3 kobold demonologists
  2 trolls
  Grinder (D:5)
  Sigmund (D:2)
  2 shadows (D:10)
  A wyvern (D:8)
  10 yaks
  Menkaure (D:7)
  5 water moccasins
  Duvessa (D:5)
  3 orc warriors
  3 black bears
  2 sky beasts
  6 centaurs
  2 ogres (D:6)
  A phantom (D:5)
  5 bullfrogs
  3 kobold brigands
  5 scorpions
  Dowan (D:5)
  14 killer bees
  5 howler monkeys
  3 jellies
  4 hounds
  6 orc priests
  A sleepcap (D:4)
  3 iguanas
  9 orc wizards
  Robin (D:2)
  6 gnolls
  5 adders
  A shadow imp (D:6)
  2 white imps
  A worm (D:3)
  A dart slug (D:3)
  25 orcs
  2 endoplasms (D:1)
  17 goblins
  14 hobgoblins
  2 jackals (D:3)
  5 quokkas
  8 ball pythons
  4 bats
  A frilled lizard (D:2)
  18 kobolds
  8 rats
226 creatures vanquished.

Vanquished Creatures (others)
  A dart slug (D:4)
  A ball python (D:4)
  A jackal zombie (D:4)
  278 foxfires
281 creatures vanquished.

Grand Total: 507 creatures vanquished

Notes
Turn   | Place    | Note
-------+----------+-------------------------------------------
     0 | D:1      | jlumianski the Djinni Fire Elementalist began the quest for
                  | the Orb.
     0 | D:1      | jlumianski set off with the following spells memorised:
                  | Foxfire, Scorch, Volatile Blastmotes, Inner Flame, Flame
                  | Wave.
     0 | D:1      | Reached XP level 1. HP: 15/15 MP: 0/0
   204 | D:1      | Reached XP level 2. HP: 20/21 MP: 0/0
   620 | D:2      | Reached XP level 3. HP: 24/25 MP: 0/0
   620 | D:2      | Learned a level 1 spell: Shock
  1001 | D:2      | Noticed Sigmund
  1046 | D:2      | Killed Sigmund
  1047 | D:2      | Reached skill level 1 in Short Blades
  1047 | D:2      | Reached XP level 4. HP: 24/31 MP: 0/0
  1047 | D:2      | Reached XP level 5. HP: 28/36 MP: 0/0
  1047 | D:2      | Learned a level 2 spell: Passwall
  1047 | D:2      | Reached XP level 6. HP: 32/41 MP: 0/0
  1258 | D:2      | Found an opulent altar of Gozag.
  1418 | D:4      | Found a staircase to the Ecumenical Temple.
  1430 | Temple   | Entered the Ecumenical Temple
  1447 | Temple   | Became a worshipper of Makhleb the Destroyer
  1577 | D:3      | Noticed SwinebobAirpants's ghost (amateur DjHW)
  1636 | D:3      | Found a runed translucent door.
  1926 | D:3      | Reached skill level 1 in Fighting
  1928 | D:3      | Found Pateid's General Store.
  2031 | D:3      | Noticed Robin
  2041 | D:2      | Killed Robin
  2163 | D:3      | Bought a scroll of teleportation for 42 gold pieces
  2163 | D:3      | Bought a scroll of teleportation for 42 gold pieces
  2195 | D:3      | Found a blossoming altar of Fedhas.
  2369 | D:3      | Reached * piety under Makhleb
  2565 | D:5      | Entered Level 5 of the Dungeon
  2791 | D:3      | Reached XP level 7. HP: 43/47 MP: 0/0
  2791 | D:3      | Learned a level 2 spell: Poisonous Vapours
  2798 | D:4      | Noticed a human
  2799 | D:4      | Found a runed translucent door.
  2809 | D:4      | Found a basalt altar of Yredelemnul.
  3264 | D:4      | Reached skill level 5 in Spellcasting
  3264 | D:4      | Reached skill level 5 in Conjurations
  3264 | D:4      | Reached skill level 5 in Hexes
  3264 | D:4      | Reached skill level 5 in Summonings
  3264 | D:4      | Reached skill level 5 in Necromancy
  3264 | D:4      | Reached skill level 5 in Translocations
  3264 | D:4      | Reached skill level 5 in Transmutations
  3264 | D:4      | Reached skill level 5 in Fire Magic
  3264 | D:4      | Reached skill level 5 in Ice Magic
  3264 | D:4      | Reached skill level 5 in Air Magic
  3264 | D:4      | Reached skill level 5 in Earth Magic
  3264 | D:4      | Reached skill level 5 in Poison Magic
  3575 | D:5      | Reached XP level 8. HP: 52/54 MP: 0/0
  3786 | D:5      | Reached skill level 2 in Fighting
  3835 | D:5      | Noticed Grinder
  3848 | D:5      | Reached skill level 1 in Axes
  3849 | D:5      | Noticed Duvessa
  3849 | D:5      | Noticed Dowan
  4235 | D:5      | Reached skill level 3 in Fighting
  4265 | D:5      | Identified the +1 dagger of Exoneration {drain, Will+ Str+2
                  | Dex+3 SInv}
  4474 | D:5      | Killed Grinder
  4503 | D:5      | Killed Dowan
  4511 | D:5      | Killed Duvessa
  4750 | D:6      | Found Piavitso's Antique Armour Shoppe.
  4755 | D:6      | Reached skill level 4 in Fighting
  4755 | D:6      | Reached XP level 9. HP: 47/62 MP: 0/0
  4755 | D:6      | Learned a level 3 spell: Gell's Gravitas
  4974 | D:6      | Found Lircheah's Weapon Shoppe.
  5016 | D:6      | Found Uwous's Antique Weapon Boutique.
  5355 | D:7      | Reached ** piety under Makhleb
  5711 | D:7      | Noticed Menkaure
  5743 | D:7      | Killed Menkaure
  5744 | D:7      | Reached skill level 5 in Fighting
  6058 | D:7      | Found a glowing golden altar of the Shining One.
  6512 | D:8      | Upgraded the game from 0.31-a0-204-g7da18cac08 to
                  | 0.31-a0-208-gdb31a4691d
  6541 | D:8      | Found a bloodstained altar of Trog.
  6800 | D:8      | Reached XP level 10. HP: 72/72 MP: 0/0
  6837 | D:8      | Reached skill level 6 in Fighting
  7063 | D:8      | Found Xeyko's Assorted Antiques.
  7068 | D:8      | Bought a marble ring for 115 gold pieces
  7089 | D:10     | Entered Level 10 of the Dungeon
  7227 | D:9      | Reached skill level 5 in Axes
  7631 | D:9      | Reached skill level 5 in Dodging
  8239 | D:9      | Found a hide-covered altar of Uskayaw.
  8267 | D:9      | Reached skill level 7 in Fighting
  8298 | D:9      | Reached skill level 1 in Invocations
  8319 | D:9      | Found a staircase to the Lair.
  8500 | D:9      | Reached *** piety under Makhleb
  8659 | D:9      | Reached XP level 11. HP: 57/79 MP: 0/0
  8659 | D:9      | Learned a level 4 spell: Manifold Assault
  9322 | D:9      | Found an iron altar of Okawaru.
  9436 | D:10     | Noticed a sun demon
  9643 | D:9      | Upgraded the game from 0.31-a0-208-gdb31a4691d to
                  | 0.31-a0-210-gccc998df9b
 10064 | D:11     | Noticed a cyclops
 10071 | D:11     | Killed a cyclops
 10451 | D:10     | Reached skill level 8 in Fighting
 10564 | D:10     | Found a white marble altar of Elyvilon.
 10958 | D:10     | Slain by a slime creature

Illustrated notes

Levels and vault maps discovered:
D:1:      dpeg_arrival_pits, layout_basic
D:2:      cheibrodos_helix_gallery, layout_rooms, basic_altar, uniq_sigmund
D:3:      minmay_chambers_of_threes, layout_rooms,
          mainiacjoe_overflow_boulevard, serial_shops, shop,
          hellmonk_ghost_happy_afterlife, uniq_robin
D:4:      layout_loops_cross, fiery_altar_vehumet, dk_yredelemnul_ordeal,
          minmay_temple_entry_ruins
D:5:      layout_basic, uniq_grinder, uniq_duvessa, uniq_eustachio
D:6:      layout_basic, serial_shops, nicolae_shop_rolling_square,
          nicolae_shop_bloodbath_and_beyond, nicolae_shop_crystal,
          patterned_corridor
D:7:      layout_cave_pools, lemuel_tele_altar, uniq_menkaure
D:8:      layout_loops_ring, overflow_temple_1_default, serial_shops,
          kennysheep_little_box, minmay_starry_boxes
D:9:      layout_roguey, okawaru_metal_pillars_3, mainiacjoe_overflow_chevrons,
          due_lair_maze_entry_diamond
D:10:     layout_basic, mainiacjoe_overflow_cross_hatched
D:11:     layout_basic, minmay_misc_feat_ornament,
          nicolae_gozag_cash_rules_everything_around_me
Temple:   nicolae_temple_two_arcs

Skill      XL: |  1  2  3  4  5  6  7  8  9 10 11 |
---------------+----------------------------------+-----
Spellcasting   | 4 5 6 7 |  7.8
Conjurations   | 4 5 6 7 |  7.8
Hexes          | 4 5 6 7 |  7.8
Summonings     | 4 5 6 7 |  7.8
Necromancy     | 4 5 6 7 |  7.8
Translocations | 4 5 6 7 |  7.8
Transmutations | 4 5 6 7 |  7.8
Fire Magic     | 4 5 6 7 |  7.8
Ice Magic      | 4 5 6 7 |  7.8
Air Magic      | 4 5 6 7 |  7.8
Earth Magic    | 4 5 6 7 |  7.8
Poison Magic   | 4 5 6 7 |  7.8
Stealth        | 2 3 4 |  4.2
Dodging        | 3 4 5 6 |  6.2
Short Blades   | 1 |  1.4
Fighting       | 1 4 5 7 8 |  8.1
Axes           | 2 4 6 7 |  7.3
Invocations    | 2 4 |  4.1

Action                     |  1- 3 |  4- 6 |  7- 9 | 10-12 || total
---------------------------+-------+-------+-------+-------++-------
  Melee: Dagger            |    18 |    19 |    12 |       ||    49
         Spear             |     2 |       |       |       ||     2
         Broad axe         |       |       |    41 |   157 ||   198
         Punch             |       |       |       |     1 ||     1
   Cast: Foxfire           |    32 |    35 |    51 |    32 ||   150
         Scorch            |     7 |    17 |    29 |    48 ||   101
         Volatile Blastmot |       |     5 |    23 |     8 ||    36
         Shock             |       |     3 |     9 |    18 ||    30
         Inner Flame       |       |     1 |     1 |     4 ||     6
         Passwall          |       |       |     4 |     1 ||     5
         Gell's Gravitas   |       |       |     3 |     8 ||    11
         Flame Wave        |       |       |     1 |     5 ||     6
         Poisonous Vapours |       |       |       |     5 ||     5
         Manifold Assault  |       |       |       |     5 ||     5
    Use: Potion            |     4 |     1 |     2 |     1 ||     8
         Scroll            |       |     4 |     7 |     7 ||    18
   Stab: Sleeping          |     5 |       |     5 |     1 ||    11
 Armour: Robe              |     5 |    18 |    19 |    59 ||   101
         Skin              |     8 |       |       |       ||     8
  Dodge: Dodged            |    14 |    56 |    93 |   349 ||   512

Table legend: (Time is in decaauts)
 A = Elapsed time spent in this place.
 B = Non-inter-level travel time spent in this place.
 C = Inter-level travel time spent in this place.
 D = Time resting spent in this place.
 E = Time spent auto-exploring this place.
 F = Levels seen in this place.
 G = Mean time per level.
                   A        B        C        D        E       F      G
               +--------+--------+--------+--------+--------+-----+--------+
         Total |  11036 |  10803 |    233 |   2386 |   4940 |  12 |  919.7 |
       Dungeon |  11003 |  10770 |    233 |   2386 |   4940 |  11 | 1000.3 |
        Temple |     32 |     32 |      0 |      0 |      0 |   1 |   32.0 |
               +--------+--------+--------+--------+--------+-----+--------+

Top non-repeatable levels by time:
     D:8: 1941 daAuts
     D:9: 1669 daAuts
     D:4: 1237 daAuts
    D:10: 1050 daAuts
     D:3: 1046 daAuts
     D:7: 914 daAuts
     D:5: 888 daAuts
     D:1: 882 daAuts
     D:2: 625 daAuts
     D:6: 608 daAuts
    D:11: 139 daAuts
  Temple: 32 daAuts
